 Dungeon Crawl Stone Soup version 0.30-a0-250-g41c1d76940 (webtiles) character file.

Game seed: 8892702980584942563

63 brknglss the Stinger (level 4, -7/32 HPs)
             Began as a Gnoll Venom Mage on Oct 12, 2022.
             Killed by nerve-wracking pain
             ... invoked by Grinder
              (12 damage)
             ... on level 3 of the Dungeon.
             The game lasted 00:05:43 (1979 turns).

brknglss the Stinger (Gnoll Venom Mage)             Turns: 1979, Time: 00:05:44

Health: -7/32      AC:  6    Str:  7    XL:     4   Next: 10%
Magic:  11/11      EV: 12    Int: 17    God:
Gold:   99         SH:  0    Dex: 12    Spells: 12/13 levels left

rFire   . . .      SeeInvis .    l - +2 rapier (vamp)
rCold   . . .      Faith    .    (no shield)
rNeg    . . .      Spirit   .    d - +0 leather armour
rPois   .          Reflect  .    (no helmet)
rElec   .          Harm     .    (no cloak)
rCorr   .          Rampage  .    e - +2 pair of gloves
Will    .....                    (no boots)
Stlth   ++........               (no amulet)
HPRegen 0.25/turn                (no ring)
MPRegen 0.12/turn                (no ring)

@: no status effects
A: fangs 1, strong nose, distributed training
a: no special abilities


You were on level 3 of the Dungeon.
You visited 1 branch of the dungeon, and saw 3 of its levels.

You collected 99 gold pieces.

Inventory:

Hand Weapons
 l - a +2 vampiric rapier (weapon)
Armour
 d - a +0 leather armour (worn)
 e - a +2 pair of gloves (worn)
Scrolls
 f - a scroll of enchant armour
 g - 2 scrolls of butterflies {unknown}
 h - 2 scrolls of vulnerability {unknown}
 i - 2 scrolls of poison {unknown}
Potions
 a - a potion of resistance
 b - a potion of magic
 c - a potion of haste {unknown}


   Skills:
 + Level 1.1 Fighting
 + Level 1.1 Short Blades
 + Level 1.1 Long Blades
 + Level 1.1 Axes
 + Level 1.1 Maces & Flails
 + Level 1.1 Polearms
 + Level 1.1 Staves
 + Level 1.1 Ranged Weapons
 + Level 1.1 Throwing
 + Level 1.1 Armour
 + Level 4.6 Dodging
 + Level 4.2 Stealth
 + Level 1.1 Shields
 + Level 1.1 Unarmed Combat
 + Level 5.0 Spellcasting
 + Level 0.8 Conjurations
 + Level 0.8 Hexes
 + Level 0.8 Summonings
 + Level 0.8 Necromancy
 + Level 0.8 Translocations
 + Level 2.2 Transmutations
 + Level 0.8 Fire Magic
 + Level 0.8 Ice Magic
 + Level 0.8 Air Magic
 + Level 0.8 Earth Magic
 + Level 5.4 Poison Magic
 + Level 1.2 Invocations
 + Level 1.1 Evocations


You had 12 spell levels left.
You knew the following spells:

 Your Spells              Type           Power      Damage    Failure   Level
a - Sting                 Tmut/Pois      68%        1d6       4%          1

Your spell library contained the following spells:

 Spells                   Type           Power      Damage    Failure   Level
 Poisonous Vapours        Pois/Air       30%        N/A       9%          2
 Passwall                 Tmut/Erth      7%         N/A       17%         2
 Ensorcelled Hibernation  Hex/Ice        14%        N/A       22%         2
 Mephitic Cloud           Conj/Pois/Air  12%        N/A       22%         3
 Olgreb's Toxic Radiance  Pois           22%        N/A       22%         4
 Stone Arrow              Conj/Erth      14%        3d7       41%         3
 Swiftness                Air            7%         N/A       41%         3
 Animate Armour           Summ/Erth      14%        N/A       82%         4
 Lehudib's Crystal Spear  Conj/Erth      3%         10d3      100%        8


Dungeon Overview and Level Annotations

Branches:
Dungeon (3/15)

Altars:
Sif Muna
Vehumet
Xom
Zin

Shops:
D:2 [

Annotations:
D:3 Grinder, Ijyb


Innate Abilities, Weirdness & Mutations

You have very sharp teeth.
Your uncanny sense of smell can sniff out nearby items.
Your experience applies equally to all skills.


Message History

Grinder says, "FISH!"
Grinder hits you.
Ijyb zaps a wand.
You suddenly lose the ability to move!
Ijyb zaps a wand.
You resist with some effort. Grinder gestures at you.
Pain shoots through your body!
* * * LOW HITPOINT WARNING * * *
Grinder barely misses you. Ijyb hits you but does no damage.
Ijyb hits you with a +0 club.
* * * LOW HITPOINT WARNING * * *
Grinder hits you but does no damage.
You can move again.
Okay, then.
You are confused.
You feel invigorated. Ijyb barely misses you.
Grinder blinks!
Ijyb misses you. Ijyb attacks as you move away! Ijyb misses you.
There is a fountain of clear blue water here.
You feel less invigorated.
You feel less confused.
Grinder says, "There's only one good use for a tongue: cutting it out."
You closely miss Ijyb.
Ijyb is moderately wounded.
Ijyb screams, "It's all mine!"
Ijyb hits you with a +0 club.
You hit Ijyb but do no damage.
Ijyb is moderately wounded.
Ijyb hits you with a +0 club.
You hit Ijyb but do no damage.
Ijyb is moderately wounded.
Grinder says, "Mostly I couldn't keep them alive."
Grinder gestures at you. Pain shoots through your body!
* * * LOW HITPOINT WARNING * * *
Ijyb hits you with a +0 club.
* * * LOW HITPOINT WARNING * * *
You closely miss Grinder.
Grinder is severely wounded.
Grinder gestures at you. Pain shoots through your body!
You die...

####### #.# ##....h
∆.....###.# .:._5h8
∆ #.....#.# .....g.
#.....#.# .......
#.....#.# .....
#.....#.####..##
..###........5..g..#
........##########.#
#.#####.#@.......#
#.#g5.....⌠# ∆
#.#.._.._..# ##
#.'⌠......⌠+...
#.##########.. #.
#.#####.###...)## .#
#.
........##......##.#
#.
#######..##....##..#
#. #...#8..8#...# #.


You could see Grinder (poisoned) and Ijyb (poisoned).

Vanquished Creatures
  2 adders (D:2)
  2 dart slugs
  5 ball pythons
  4 bats
  5 endoplasms
  A giant cockroach (D:1)
  2 goblins (D:1)
  6 hobgoblins
  A jackal (D:3)
  A quokka (D:3)
  5 kobolds
  3 rats
37 creatures vanquished.

Notes
Turn   | Place    | Note
-------+----------+-------------------------------------------
     0 | D:1      | brknglss the Gnoll Venom Mage began the quest for the Orb.
     0 | D:1      | Reached XP level 1. HP: 13/13 MP: 6/6
   197 | D:1      | Found a faded altar of an unknown god.
   283 | D:1      | Reached XP level 2. HP: 19/19 MP: 7/7
   734 | D:1      | Reached skill level 5 in Spellcasting
   734 | D:1      | Reached XP level 3. HP: 22/25 MP: 0/9
  1105 | D:2      | Reached skill level 1 in Invocations
  1380 | D:2      | Reached skill level 1 in Fighting
  1380 | D:2      | Reached skill level 1 in Short Blades
  1380 | D:2      | Reached skill level 1 in Long Blades
  1380 | D:2      | Reached skill level 1 in Axes
  1380 | D:2      | Reached skill level 1 in Maces & Flails
  1380 | D:2      | Reached skill level 1 in Polearms
  1380 | D:2      | Reached skill level 1 in Staves
  1380 | D:2      | Reached skill level 1 in Ranged Weapons
  1380 | D:2      | Reached skill level 1 in Throwing
  1380 | D:2      | Reached skill level 1 in Armour
  1380 | D:2      | Reached skill level 1 in Shields
  1380 | D:2      | Reached skill level 1 in Unarmed Combat
  1380 | D:2      | Reached skill level 1 in Evocations
  1657 | D:2      | Found Lucw's Antique Armour Shoppe.
  1880 | D:3      | Found a radiant altar of Vehumet.
  1882 | D:3      | Found a shimmering blue altar of Sif Muna.
  1888 | D:3      | Reached XP level 4. HP: 32/32 MP: 11/11
  1943 | D:3      | Found a glowing silver altar of Zin.
  1943 | D:3      | Found a shimmering altar of Xom.
  1943 | D:3      | Noticed Grinder
  1943 | D:3      | Noticed Ijyb
  1968 | D:3      | Paralysed by Ijyb for 4 turns
  1971 | D:3      | HP: 1/32 [Ijyb/+0 club (2)]
  1979 | D:3      | Killed from afar by Grinder

Illustrated notes

Levels and vault maps discovered:
D:1:      lightli_molten_gateway, layout_basic, ebering_ecumenical_altar_webs,
          chequers_serial_rivers_small_a
D:2:      layout_loops_corners, serial_shops, shop, minmay_tetromino_l4
D:3:      layout_basic, slow_altar_1, grunt_temple_overflow_open,
          jmf_multi_god_temple, mainiacjoe_overflow_tiny_flanked, uniq_grinder,
          uniq_ijyb, uniq_terence

Skill      XL: |  1  2  3 |
---------------+----------+-----
Transmutations | 2 |  2.2
Spellcasting   | 5 |  5.0
Invocations    | 1 |  1.2
Fighting       | 1 |  1.1
Short Blades   | 1 |  1.1
Long Blades    | 1 |  1.1
Axes           | 1 |  1.1
Maces & Flails | 1 |  1.1
Polearms       | 1 |  1.1
Staves         | 1 |  1.1
Ranged Weapons | 1 |  1.1
Throwing       | 1 |  1.1
Armour         | 1 |  1.1
Shields        | 1 |  1.1
Unarmed Combat | 1 |  1.1
Evocations     | 1 |  1.1
Dodging        | |  4.6
Stealth        | |  4.2
Conjurations   | |  0.8
Hexes          | |  0.8
Summonings     | |  0.8
Necromancy     | |  0.8
Translocations | |  0.8
Fire Magic     | |  0.8
Ice Magic      | |  0.8
Air Magic      | |  0.8
Earth Magic    | |  0.8
Poison Magic   | |  5.4

Action                   |  1- 3 |  4- 6 || total
-------------------------+-------+-------++-------
Melee: Spear             |    54 |       ||    54
       Bite              |     1 |     1 ||     2
       Rapier            |    10 |    14 ||    24
 Cast: Sting             |    15 |     8 ||    23
  Use: Scroll            |     3 |       ||     3
       Potion            |       |     1 ||     1
 Stab: Sleeping          |    11 |     1 ||    12
Armor: Leather armour    |    11 |     7 ||    18
Dodge: Dodged            |    43 |    14 ||    57

Table legend: (Time is in decaauts)
 A = Elapsed time spent in this place.
 B = Non-inter-level travel time spent in this place.
 C = Inter-level travel time spent in this place.
 D = Time resting spent in this place.
 E = Time spent auto-exploring this place.
 F = Levels seen in this place.
 G = Mean time per level.
                   A        B        C        D        E       F      G
               +--------+--------+--------+--------+--------+-----+--------+
         Total |   1986 |   1845 |    141 |     68 |   1430 |   3 |  662.0 |
       Dungeon |   1986 |   1845 |    141 |     68 |   1430 |   3 |  662.0 |
               +--------+--------+--------+--------+--------+-----+--------+

Top non-repeatable levels by time:
     D:1: 995 daAuts
     D:2: 829 daAuts
     D:3: 161 daAuts
